 Dungeon Crawl Stone Soup version 0.31-a0-1591-g515db51633 (webtiles) character file.

Game seed: 9307340412570502325

24667 James the Unseen (level 12, -2/60 HPs)
             Began as a Spriggan Enchanter on Jan 6, 2024.
             Was a High Priest of Dithmenos.
             Killed from afar by a catoblepas (6 damage)
             ... with a blast of calcifying dust
             ... on level 1 of the Lair of Beasts.
             The game lasted 01:14:02 (16131 turns).

James the Unseen (Spriggan Enchanter)              Turns: 16131, Time: 01:14:03

Health: -2/60      AC:  5    Str:  4    XL:     12   Next: 82%
Magic:  25/25      EV: 26    Int: 19    God:    Dithmenos [*****.]
Gold:   680        SH:  5    Dex: 24    Spells: 16/27 levels left

rFire   . . .        a - +1 dagger (vamp) {!w}
rCold   . . .        (no shield)
rNeg    . . .        U - +0 robe
rPois   .            (helmet restricted)
rElec   .            y - +2 cloak
rCorr   .            (gloves unavailable)
SInv    +            (boots unavailable)
Will    ++...        O - amulet of reflection Stlth **++++++++
                     Z - +6 ring of dexterity
HPRegen 0.30/turn    h - +4 ring of slaying
MPRegen 0.19/turn

%: reflection
@: wreathed by umbra, very quick
A: very small, no large weapons, unfitting armour, see invisible, speed 3
a: Renounce Religion, Shadow Step, Shadow Form


You were on level 1 of the Lair of Beasts.
You worshipped Dithmenos.
Dithmenos was extremely pleased with you.
You visited 3 branches of the dungeon, and saw 14 of its levels.

You collected 925 gold pieces.
You spent 245 gold pieces at shops.

Inventory:

Hand Weapons
 a - a +1 vampiric dagger (weapon) {!w}
   (You took it off a kobold on level 4 of the Dungeon)
 b - a +0 rapier
   (You found it on level 10 of the Dungeon)
 j - a +1 dagger
 o - a +5 long sword
   (You took it off a wight on level 8 of the Dungeon)
 r - the +10 short sword of the Sky {chaos, Str+2 Int+4 Stlth-}
   (You found it on level 3 of the Dungeon)

   Str+2:     It affects your strength (+2).
   Int+4:     It affects your intelligence (+4).
   Stlth-:    It makes you less stealthy.
 w - a +0 sling
   (You found it on level 3 of the Dungeon)
 C - a +1 short sword of venom
   (You took it off an orc on level 9 of the Dungeon)
 G - a +1 hand axe of flaming
   (You found it on level 5 of the Dungeon)
 L - a +0 demon trident of electrocution
   (You took it off Urug on level 10 of the Dungeon)
 M - a +3 short sword
   (You took it off an orc on level 9 of the Dungeon)
 N - a +0 shortbow
   (You took it off a centaur on level 6 of the Dungeon)
 P - a +0 dagger of venom
   (You took it off an orc on level 8 of the Dungeon)
 Q - a +2 short sword of speed
   (You took it off an orc on level 9 of the Dungeon)
 R - a +0 scimitar
   (You took it off a wight on level 7 of the Dungeon)
Missiles
 n - 113 stones (quivered)
 u - 4 throwing nets {!f}
 H - 28 poisoned darts
 K - 13 boomerangs
 T - a curare-tipped dart {!f}
Armour
 y - a +2 cloak (worn)
   (You took it off Crazy Yiuf on level 3 of the Dungeon)
 U - a +0 robe (worn)
Jewellery
 h - a +4 ring of slaying (right hand)
   (You acquired it on level 3 of the Dungeon)
 p - a ring of magical power
   (You found it on level 2 of the Dungeon)
 O - an amulet of reflection (around neck)
   (You found it on level 6 of the Dungeon)
 Z - a +6 ring of dexterity (left hand)
   (You found it on level 1 of the Lair of Beasts)
Wands
 t - a wand of polymorph (5)
   (You found it on level 3 of the Dungeon)
 F - a wand of charming (38)
   (You found it on level 5 of the Dungeon)
 S - a wand of mindburst (8)
   (You took it off Joseph on level 10 of the Dungeon)
Scrolls
 k - 4 scrolls of fog
 m - 8 scrolls of teleportation {@r4}
 s - 2 scrolls of acquirement
 x - 3 scrolls of amnesia
 A - 2 scrolls of poison {!r}
 B - 2 scrolls of fear
 D - 2 scrolls of blinking
 E - a scroll of summoning
 V - a scroll of immolation {unknown}
 W - 3 scrolls of revelation
 X - a scroll of enchant armour
Potions
 c - 2 potions of invisibility
 d - 8 potions of curing {@q1}
 e - 2 potions of degeneration {!q}
 f - a potion of brilliance
 g - 3 potions of heal wounds {@q2}
 i - a potion of attraction {unknown}
 l - 5 potions of lignification {!q}
 q - 2 potions of might
 v - 3 potions of haste {@q3}
 z - a potion of mutation {unknown}
 I - 3 potions of enlightenment
 J - a potion of cancellation {unknown}
 Y - a potion of magic {unknown}


   Skills:
 + Level 5.4 Fighting
 * Level 11.8 Short Blades
 + Level 9.5 Dodging
 * Level 17.1 Stealth
 + Level 8.2 Spellcasting
 - Level 1.0 Conjurations
 * Level 12.7 Hexes
 - Level 2.0 Ice Magic


You had 16 spell levels left.
You knew the following spells:

 Your Spells              Type           Power      Damage    Failure   Level
a - Confusing Touch       Hex            54%        N/A       1%          3
b - Dazzling Flash        Conj/Hex       66%        N/A       1%          3
d - Tukima's Dance        Hex            54%        N/A       1%          3
x - Ensorcelled Hibernat  Hex/Ice        70%        N/A       1%          2

Your spell library contained the following spells:

 Spells                   Type           Power      Damage    Failure   Level
 Magic Dart               Conj           44%        1d5       6%          1
 Blink                    Tloc           14%        N/A       14%         2
 Call Imp                 Summ           14%        N/A       14%         2
 Lesser Beckoning         Tloc           14%        N/A       14%         2
 Gell's Gravitas          Tloc           7%         N/A       26%         3
 Passwall                 Erth           7%         N/A       26%         3
 Swiftness                Air            7%         N/A       26%         3
 Teleport Other           Tloc           7%         N/A       26%         3
 Volatile Blastmotes      Fire/Tloc      14%        2d11      26%         3
 Fulminant Prism          Conj/Alch      4%         3d5       58%         4
 Iskenderun's Mystic Bla  Conj/Tloc      9%         2d4       58%         4


Dungeon Overview and Level Annotations

Branches:
Dungeon (11/15)            Temple (1/1) D:7            Lair (2/5) D:11
    Orc (0/2) D:9
  Swamp: Lair:2-3    Shoals: Lair:2-3     Snake: Lair:2-3    Spider: Lair:2-3

Altars:
Ashenzari
Cheibriados
Dithmenos
Elyvilon
Fedhas
Gozag
Hepliaklqana
Kikubaaqudgha
Makhleb
Nemelex Xobeh
Okawaru
Qazlal
Ru
Sif Muna
Trog
Uskayaw
Vehumet
Wu Jian
Xom
Yredelemnul
Zin
The Shining One

Shops:
D:3 =?   D:4 *   D:7 :   D:9 =

Annotations:
D:9 1 runed translucent door, koorschki's ghost, novice DsSh


Innate Abilities, Weirdness & Mutations

You are very small and have problems with some larger weapons.
You are too small for most types of armour.
You have supernaturally acute eyesight. (SInv)
You cover ground extremely quickly. (Speed+++)


Message History

You kill the cane toad!
Dithmenos accepts your kill.
A catoblepas comes into view.
The catoblepas moves out of view.
The water moccasin hisses angrily.
Press: ? - help, Shift-Dir - straight line, f - water moccasin
Aim: a water moccasin (umbra, chance to affect: 63%)
The water moccasin looks drowsy...
The helpless water moccasin fails to defend itself.
You perforate the water moccasin like a sieve!!!!!
You kill the water moccasin!
Dithmenos accepts your kill.
You start resting.
A catoblepas is nearby!
You can't see any susceptible monsters within range! (Use Z to cast anyway.) Unknown command.
There is a stone staircase leading up here.
The catoblepas bellows!
You hit the catoblepas but do no damage.
Your shadow hits the catoblepas but does no damage.
The catoblepas breathes a plume of calcifying dust at you.
The blast of calcifying dust hits you.
You are engulfed in calcifying dust.
You are slowing down.
The catoblepas gores you but does no damage.
You climb upwards.
You have turned to stone.
The catoblepas gores you.
The catoblepas breathes a plume of calcifying dust at you.
The blast of calcifying dust hits you but does no damage.
You are engulfed in calcifying dust.
The catoblepas gores you!
You are engulfed in calcifying dust.
The catoblepas gores you!
You are engulfed in calcifying dust.
The catoblepas gores you!!
The catoblepas breathes a plume of calcifying dust at you.
The blast of calcifying dust hits you.
You are engulfed in calcifying dust.
The catoblepas gores you!
* * * LOW HITPOINT WARNING * * *
You are engulfed in calcifying dust.
The catoblepas gores you!!
* * * LOW HITPOINT WARNING * * *
You turn to flesh and can move again.
There is a stone staircase leading down here.
The catoblepas breathes a plume of calcifying dust at you.
The blast of calcifying dust hits you.
* * * LOW HITPOINT WARNING * * *
Unknown command.
The catoblepas breathes a plume of calcifying dust at you.
The blast of calcifying dust hits you!
* * * LOW HITPOINT WARNING * * *
The catoblepas breathes a plume of calcifying dust at you.
The blast of calcifying dust hits you.
You die...

#####..#.#§.⌠###..>..# #⌠.>......
##.#.....#.§.# #.....###...#...##
...##..#....Y###....##......#..##
..........#..§.#..⌠.##....##...##
###<......##.§§.#...##...###.##..
###......##§§§........##.......
####....##.§§§.......####.#.#.
#.......^.#.§.§....##..#######
#####....###.@.§..###...####P#
#......###..⌠§#...........#
#..#......#+.+...#.#..###..
####...##...#...##.#...##..
#..##########...##.###..
#....######....#.#.##...
######.......................
##.##.................##P.####
####.....................#######.


There were no monsters in sight!

Vanquished Creatures
  Snorg (D:10)
  A hydra (Lair:2)
  Harold (D:9)
  An ogre mage (D:10)
  2 two-headed ogres
  A boulder beetle (D:11)
  Urug (D:10)
  2 oklob plants (D:11)
  A cyclops (D:11)
  A manticore (D:11)
  Joseph (D:10)
  A gargoyle (D:11)
  A rime drake (Lair:1)
  A komodo dragon (Lair:1)
  6 cane toads
  2 kobold demonologists (D:10)
  A tengu conjurer (D:10)
  Psyche (D:11)
  A polar bear (Lair:1)
  7 blink frogs
  2 hornets (D:9)
  2 wraiths (D:11)
  A shadow (D:11)
  27 yaks
  A vampire (D:11)
  5 basilisks
  2 wyverns
  A steam dragon (D:9)
  9 water moccasins
  10 orc warriors
  A sky beast (D:7)
  3 ogres
  2 black bears
  15 wolves
  5 centaurs
  2 phantoms (D:5)
  4 kobold brigands
  4 bullfrogs
  A scorpion (D:5)
  7 wights
  7 killer bees
  2 electric eels (Lair:1)
  4 howler monkeys
  6 hounds
  2 bombardier beetles
  4 jellies
  10 orc priests
  Crazy Yiuf (D:3)
  2 gnoll boudas (D:7)
  A sleepcap (D:5)
  An iguana (D:4)
  10 orc wizards
  6 gnolls (D:7)
  7 adders
  A shadow imp (D:5)
  2 white imps
  A ribbon worm (D:5)
  66 orcs
  3 ball pythons
  4 endoplasms
  5 goblins
  4 hobgoblins
  2 quokkas
  5 bats
  9 frilled lizards
  19 kobolds
  2 rats
324 creatures vanquished.

Vanquished Creatures (others)
  An orc wizard (D:10)
1 creature vanquished.

Grand Total: 325 creatures vanquished

Notes
Turn   | Place    | Note
-------+----------+-------------------------------------------
     0 | D:1      | James the Spriggan Enchanter began the quest for the Orb.
     0 | D:1      | Reached XP level 1. HP: 9/9 MP: 5/5
   305 | D:1      | Reached XP level 2. HP: 13/13 MP: 6/6
   315 | D:1      | Learned a level 2 spell: Ensorcelled Hibernation
  1093 | D:2      | Found a faded altar of an unknown god.
  1095 | D:2      | Noticed a golden eye
  1096 | D:2      | Noticed a shining eye
  1096 | D:2      | Noticed a glass eye
  1096 | D:2      | Noticed a great orb of eyes
  1622 | D:3      | Found Wuaqurr's Jewellery Emporium.
  1735 | D:3      | Reached XP level 3. HP: 16/16 MP: 8/8
  1860 | D:3      | Reached skill level 5 in Stealth
  1925 | D:3      | Found Baurohye's Magic Scroll Boutique.
  2239 | D:3      | Found a runed translucent door.
  2240 | D:3      | Noticed Crazy Yiuf
  2250 | D:3      | Killed Crazy Yiuf
  2251 | D:3      | Reached skill level 1 in Ice Magic
  2251 | D:3      | Reached XP level 4. HP: 21/21 MP: 9/9
  2295 | D:3      | Learned a level 3 spell: Confusing Touch
  2299 | D:3      | Learned a level 3 spell: Tukima's Dance
  2423 | D:4      | Found Jigrugo's Gadget Gallery.
  2612 | D:4      | Reached skill level 5 in Hexes
  2612 | D:4      | Reached XP level 5. HP: 24/24 MP: 10/10
  2712 | D:3      | Bought a scroll of blinking for 75 gold pieces
  2712 | D:3      | Bought a scroll of summoning for 95 gold pieces
  2901 | D:4      | Reached skill level 6 in Stealth
  3393 | D:5      | Entered Level 5 of the Dungeon
  3418 | D:5      | Reached XP level 6. HP: 28/28 MP: 11/11
  3608 | D:5      | Reached skill level 7 in Stealth
  3729 | D:5      | Noticed a yak
  3742 | D:5      | Killed a yak
  3743 | D:5      | Reached XP level 7. HP: 31/32 MP: 12/12
  4045 | D:5      | Reached skill level 8 in Stealth
  4092 | D:5      | Learned a level 3 spell: Dazzling Flash
  4585 | D:6      | Reached skill level 5 in Short Blades
  4585 | D:6      | Reached XP level 8. HP: 37/37 MP: 13/13
  5199 | D:6      | Reached skill level 1 in Fighting
  5475 | D:6      | Reached skill level 1 in Conjurations
  6135 | D:7      | Found a staircase to the Ecumenical Temple.
  6141 | Temple   | Entered the Ecumenical Temple
  6158 | Temple   | Became a worshipper of Dithmenos the Shadowed
  6401 | D:3      | Reached skill level 9 in Stealth
  6519 | D:3      | Identified the +10 short sword of the Sky {chaos, Str+2
                  | Int+4 Stlth-}
  7121 | D:7      | Reached skill level 5 in Dodging
  7121 | D:7      | Reached XP level 9. HP: 42/42 MP: 16/16
  7331 | D:7      | Found a radiant altar of Vehumet.
  7339 | D:7      | Found a shimmering blue altar of Sif Muna.
  7349 | D:7      | Found an opulent altar of Gozag.
  7358 | D:7      | Found a hazy altar of Hepliaklqana.
  7367 | D:7      | Found Tyalewoa's Book Shoppe.
  7578 | D:8      | Noticed a two-headed ogre
  7679 | D:7      | Reached * piety under Dithmenos
  7885 | D:8      | Reached skill level 10 in Stealth
  8007 | D:8      | Killed a two-headed ogre
  8008 | D:8      | Reached skill level 11 in Stealth
  8906 | D:8      | Reached skill level 10 in Short Blades
  8923 | D:8      | Reached ** piety under Dithmenos
  9225 | D:9      | Reached skill level 12 in Stealth
  9225 | D:9      | Reached XP level 10. HP: 46/46 MP: 17/17
  9559 | D:9      | Found a staircase to the Orcish Mines.
  9559 | D:9      | Found Bafurux's Weapon Boutique.
  9994 | D:9      | Found a runed translucent door.
  9996 | D:9      | Noticed koorschki's ghost (novice DsSh)
 10082 | D:9      | Found Unnal's Jewellery Emporium.
 10096 | D:9      | Noticed Harold
 10157 | D:9      | Noticed a two-headed ogre
 10278 | D:9      | Killed a two-headed ogre
 10414 | D:9      | Reached skill level 5 in Spellcasting
 10647 | D:9      | Reached *** piety under Dithmenos
 10738 | D:9      | Found a glowing golden altar of the Shining One.
 10743 | D:9      | Reached skill level 13 in Stealth
 11202 | D:9      | Killed Harold
 11304 | D:9      | Found Unnal's Jewellery Emporium.
 11313 | D:9      | Found a staircase to the Orcish Mines.
 11470 | D:9      | Found a glowing golden altar of the Shining One.
 11865 | D:10     | Entered Level 10 of the Dungeon
 11865 | D:10     | Noticed Urug
 12127 | D:10     | Noticed Joseph
 12472 | D:10     | Killed Joseph
 12473 | D:10     | Reached skill level 10 in Hexes
 12473 | D:10     | Reached XP level 11. HP: 52/52 MP: 20/20
 12504 | D:10     | Noticed Snorg
 12525 | D:10     | Killed Urug
 12526 | D:10     | Reached skill level 14 in Stealth
 12621 | D:10     | Reached **** piety under Dithmenos
 12776 | D:10     | Killed Snorg
 12953 | D:11     | Found a broken altar of Ashenzari.
 12960 | D:11     | Noticed a boulder beetle
 12980 | D:11     | Killed a boulder beetle
 13247 | D:11     | Reached skill level 15 in Stealth
 13436 | D:3      | Bought a scroll of revelation for 75 gold pieces
 13438 | D:3      | Identified a scroll of acquirement
 13438 | D:3      | Acquired a +4 ring of slaying
 13721 | D:11     | Noticed Psyche
 13740 | D:11     | Killed Psyche
 13771 | D:11     | Found a staircase to the Lair.
 13776 | D:11     | Noticed an oklob plant
 13776 | D:11     | Noticed an oklob plant
 14140 | D:10     | Noticed an ogre mage
 14151 | D:10     | Killed an ogre mage
 14282 | D:11     | Killed an oklob plant
 14283 | D:11     | Killed an oklob plant
 14294 | Lair:1   | Entered Level 1 of the Lair of Beasts
 14299 | Lair:1   | Reached XP level 12. HP: 58/58 MP: 23/23
 14368 | Lair:1   | Reached ***** piety under Dithmenos
 14371 | Lair:1   | Reached skill level 16 in Stealth
 14804 | Lair:1   | Reached skill level 5 in Fighting
 15813 | Lair:2   | Noticed a seven-headed hydra
 15819 | Lair:2   | Killed a seven-headed hydra
 15860 | Lair:2   | Reached skill level 17 in Stealth
 16084 | Lair:2   | Noticed a catoblepas
 16131 | Lair:1   | Killed from afar by a catoblepas

Illustrated notes

Levels and vault maps discovered:
D:1:      dpeg_arrival_leaves_temple_mockup, layout_basic
D:2:      layout_basic, hellmonk_ecumenical_altar_watching_god,
          minmay_lizard_pond
D:3:      layout_loops_ring, serial_shops, shop, shop,
          hangedman_decor_clover_reticule, nicolae_elevator_lobby_plus,
          uniq_crazy_yiuf_cottage
D:4:      layout_rooms, serial_aquarium, aquarium_bridge_square
          [aquarium_subvault_bridge, aquarium_subvault_bridge,
          aquarium_subvault_wall, aquarium_subvault_bridge],
          aquarium_window_corner, aquarium_window_fake, aquarium_view_2e,
          nicolae_shop_gadgets
D:5:      cheibrodos_barr_body, layout_gridville
D:6:      layout_layer_cave, minmay_fountain_box
D:7:      layout_basic, grunt_temple_overflow_cloverleaf, temple_fountains,
          serial_shops, shop, nicolae_twisty_statue_hallways
D:8:      layout_rooms, special_room [special_room_orc],
          hangedman_decor_opposing, st_stairs_9, roderic_lattice_a
D:9:      layout_long_grid, nicolae_tso_swordbearing_angel, orc_david_3,
          ebering_ghost_reflecting_pool, serial_shops, nicolae_square_shop,
          uniq_harold
D:10:     minmay_chambers_of_sixes, layout_rooms, uniq_snorg, uniq_urug,
          uniq_joseph
D:11:     minmay_inner_zag, layout_rooms, dpeg_oklobed_lair,
          ashenzari_conservatory_becter, uniq_psyche
Temple:   nicolae_temple_bog_church
Lair:1:   layout_misc_corridors, minivault_24, grunt_forest_stairs_basic,
          serial_bayou_shore_b, serial_bayou_shore_a, grunt_megastairs_5
Lair:2:   layout_loops_ring, palyth_hydra_swamp_entry,
          hellmonk_spider_entry_life_and_decay

Skill      XL: |  1  2  3  4  5  6  7  8  9 10 11 12 |
---------------+-------------------------------------+-----
Dodging        | 3 5 6 8 9 |  9.5
Spellcasting   | 3 4 5 7 8 |  8.2
Hexes          | 4 5 7 8 10 11 12 | 12.7
Short Blades   | 2 3 4 5 6 10 11 | 11.8
Stealth        | 5 6 7 8 9 12 13 15 17 | 17.1
Ice Magic      | 1 2 |  2.0
Fighting       | 2 3 4 5 |  5.4
Conjurations   | 1 |  1.0

Action                     |  1- 3 |  4- 6 |  7- 9 | 10-12 || total
---------------------------+-------+-------+-------+-------++-------
  Melee: Dagger            |    99 |    45 |   316 |   279 ||   739
         Punch             |     2 |     1 |     3 |     4 ||    10
         Short sword       |       |       |     3 |       ||     3
         Long sword        |       |       |     3 |       ||     3
  Throw: Stone             |     2 |       |       |       ||     2
   Cast: Ensorcelled Hiber |    10 |    17 |    94 |   177 ||   298
         Confusing Touch   |       |     1 |    12 |     7 ||    20
    Use: Potion            |     1 |       |       |       ||     1
         Scroll            |       |    10 |     2 |     7 ||    19
   Stab: Sleeping          |    13 |    27 |    65 |   136 ||   241
         Confused          |       |     1 |    12 |     7 ||    20
         Distracted        |       |       |     1 |     1 ||     2
 Armour: Robe              |    26 |    13 |    58 |    55 ||   152
  Dodge: Dodged            |   100 |    17 |   145 |   175 ||   437
  Block: Other             |       |       |    25 |    31 ||    56
         Reflection        |       |       |       |     3 ||     3

Table legend: (Time is in decaauts)
 A = Elapsed time spent in this place.
 B = Non-inter-level travel time spent in this place.
 C = Inter-level travel time spent in this place.
 D = Time resting spent in this place.
 E = Time spent auto-exploring this place.
 F = Levels seen in this place.
 G = Mean time per level.
                   A        B        C        D        E       F      G
               +--------+--------+--------+--------+--------+-----+--------+
         Total |  11578 |  10459 |   1119 |   2495 |   4342 |  14 |  827.0 |
       Dungeon |  10174 |   9165 |   1009 |   1983 |   4038 |  11 |  924.9 |
        Temple |     24 |      3 |     21 |      0 |      0 |   1 |   24.0 |
          Lair |   1380 |   1292 |     88 |    511 |    303 |   2 |  690.0 |
               +--------+--------+--------+--------+--------+-----+--------+

Top non-repeatable levels by time:
     D:9: 2199 daAuts
     D:7: 1223 daAuts
     D:8: 1080 daAuts
     D:6: 1076 daAuts
  Lair:1: 1022 daAuts
     D:3: 907 daAuts
     D:5: 811 daAuts
    D:10: 709 daAuts
     D:1: 685 daAuts
     D:4: 642 daAuts
    D:11: 477 daAuts
     D:2: 360 daAuts
  Lair:2: 357 daAuts
  Temple: 24 daAuts
